 Dungeon Crawl Stone Soup version 0.29.1-2-gbd0b4ee654 (webtiles) character file.

Game seed: 14546003609445598066

157070 DildoBatman the Earth Mage (level 18, -11/136 (140) HPs)
             Began as a Formicid Conjurer on Nov 25, 2022.
             Was an Initiate of Gozag.
             Mangled by an alligator snapping turtle (28 damage)
             ... on level 4 of the Shoals on Nov 26, 2022.
             The game lasted 02:17:56 (33841 turns).

DildoBatman the Earth Mage (Formicid Conjurer)     Turns: 33841, Time: 02:17:56

HP:   -11/136 (140) AC: 11    Str: 23    XL:     18   Next: 31%
MP:   27/34         EV: 36    Int: 33    God:    Gozag
Gold: 6818          SH: 16    Dex: 22    Spells: 22/42 levels left

rFire   + . .      SeeInvis +   a - +7 rapier of Zin's Castigation {flame, *Slow rN+ Str+8 Dex+4}
rCold   . . .      Faith    .   n - +1 kite shield {reflect}
rNeg    + . .      Spirit   .   Y - +1 robe of Awe {*Slow Will++ Int+4 Archmagi}
rPois   .          Reflect  +   (helmet unavailable)
rElec   +          Harm     .   A - +2 cloak
rCorr   .          Rampage  .   r - +2 pair of gloves {Str+3}
Will    +++..      Archmagi +   (no boots)
Stlth   +++.......              f - amulet of the acrobat
HPRegen 0.32/turn               R - ring of flight
MPRegen 0.24/turn               D - ring "Earthly Heaven" {Contam rElec rF+ EV+4 Dex+7}

@: gold aura, acrobatic, flying, studying Conjurations, lightly drained, unable
to drink
A: permanent stasis, dig shafts and tunnels, antennae 3, four strong arms,
clever 1, inability to drink after injury 1
a: Dig, Shaft Self, Renounce Religion, Potion Petition, Call Merchant, Bribe
Branch


You were on level 4 of the Shoals.
You worshipped Gozag.
Gozag was greatly pleased with you.
You visited 5 branches of the dungeon, and saw 27 of its levels.
You also visited: Sewer, Bailey, Gauntlet and Ice Cave.

You collected 8638 gold pieces.
You spent 1241 gold pieces at shops.
You paid 579 gold pieces to Gozag.

Inventory:

Hand Weapons
 a - the +7 rapier of Zin's Castigation (weapon) {flame, *Slow rN+ Str+8 Dex+4}
   (You found it on level 4 of the Lair of Beasts)

   It burns those it strikes, dealing additional fire damage.
   Str:       It affects your strength (+8).
   Dex:       It affects your dexterity (+4).
   rN:        It protects you from negative energy.
   *Slow:     It may slow you when you take damage.
 b - a +1 triple crossbow of freezing
 c - the +9 whip "Asosurph" {drain, Int+2}
   (You found it in a Gauntlet)

   A truly terrible weapon, it drains the life of any living foe it strikes.
   Int:       It affects your intelligence (+2).
Missiles
 q - 8 throwing nets (quivered)
 s - 6 javelins
 S - 12 silver javelins
Armour
 n - a +1 kite shield of reflection (worn)
 p - a +2 robe of resistance
 r - a +2 pair of gloves of strength (worn)
 A - a +2 cloak (worn)
 O - a +1 cloak of poison resistance
 Y - the +1 robe of Awe (worn) {*Slow Will++ Int+4 Archmagi}
   (You found it in a Gauntlet)

   Int:       It affects your intelligence (+4).
   *Slow:     It may slow you when you take damage.
   Archmagi:  It increases the power of your magical spells.
   Will:      It greatly increases your willpower.
Magical Staves
 o - a staff of earth
 W - a staff of death
Jewellery
 e - a ring of fire
 f - an amulet of the acrobat (around neck)
 x - a ring of magical power
 D - the ring "Earthly Heaven" (right hand) {Contam rElec rF+ EV+4 Dex+7}
   (You found it in a Gauntlet)

   [ring of evasion]

   EV:        It affects your evasion (+4).
   Dex:       It affects your dexterity (+7).
   rF:        It protects you from fire.
   rElec:     It insulates you from electricity.
   Contam:    It causes magical contamination when unequipped.
 K - a ring of protection from cold
 N - a +6 ring of intelligence
 Q - a +6 ring of dexterity
 R - a ring of flight (left hand)
Wands
 i - a wand of quicksilver (21)
 X - a wand of iceblast (15)
Scrolls
 d - 6 scrolls of enchant armour
 j - 3 scrolls of enchant weapon
 w - 2 scrolls of brand weapon
 y - 3 scrolls of immolation
 z - 4 scrolls of identify
 C - 7 scrolls of magic mapping
 F - 9 scrolls of amnesia
 H - 4 scrolls of fear
 L - a scroll of summoning {unknown}
 M - 6 scrolls of fog
 U - a scroll of poison {unknown}
 Z - 2 scrolls of torment
Potions
 g - 10 potions of heal wounds
 k - 2 potions of ambrosia
 l - 5 potions of brilliance
 u - 3 potions of might
 v - 3 potions of resistance
 E - 9 potions of magic
 I - 21 potions of curing
 P - 3 potions of invisibility
 V - 4 potions of cancellation
Miscellaneous
 m - a lightning rod (4/4)
 G - a condenser vane
 J - a box of beasts


   Skills:
 - Level 12.0 Fighting
 - Level 12.0 Armour
 - Level 8.0 Dodging
 - Level 2.4 Stealth
 * Level 14.8 Shields
 * Level 12.9 Spellcasting
 - Level 6.0 Conjurations
 * Level 15.0 Necromancy
 * Level 16.0 Earth Magic


You had 22 spell levels left.
You knew the following spells:

 Your Spells              Type           Power      Damage    Failure   Level
a - Borgnjor's Vile Clut  Necr/Erth      55%        N/A       1%          5
b - Stone Arrow           Conj/Erth      100%       3d13      1%          3
c - Searing Ray           Conj           100%       2d8       1%          2
d - Vampiric Draining     Necr           100%       2d13      1%          3
e - Magic Dart            Conj           100%       1d8       1%          1
h - Dispel Undead         Necr           100%       3d31      1%          4
z - Sublimation of Blood  Necr           100%       N/A       0%          2

Your spell library contained the following spells:

 Spells                   Type           Power      Damage    Failure   Level
 Necrotise                Necr           100%       1d9       0%          1
 Sandblast                Erth           100%       2d20      0%          1
 Shock                    Conj/Air       100%       1d9       1%          1
 Passwall                 Tmut/Erth      70%        N/A       1%          2
 Anguish                  Hex/Necr       41%        N/A       1%          4
 Animate Armour           Summ/Erth      100%       N/A       1%          4
 Leda's Liquefaction      Hex/Erth       42%        N/A       1%          4
 Petrify                  Tmut/Erth      84%        N/A       1%          4
 Agony                    Necr           100%       N/A       1%          5
 Lee's Rapid Deconstruct  Erth           56%        3d27*     1%          5
 Death Channel            Necr           55%        N/A       1%          6
 Apportation              Tloc           62%        N/A       3%          1
 Freeze                   Ice            100%       1d11      3%          1
 Slow                     Hex            100%       N/A       3%          1
 Sting                    Tmut/Pois      100%       1d8       3%          1
 Summon Small Mammal      Summ           100%       N/A       3%          1
 Dazzling Flash           Conj/Hex       100%       N/A       3%          3
 Poisonous Vapours        Pois/Air       62%        N/A       4%          2
 Confusing Touch          Hex            31%        N/A       10%         3
 Frozen Ramparts          Ice            62%        1d10      10%         3
 Lesser Beckoning         Tloc           31%        N/A       10%         3
 Fulminant Prism          Conj/Hex       28%        3d14      10%         4
 Hailstorm                Conj/Ice       57%        3d12      10%         4
 Iskenderun's Mystic Bla  Conj/Tloc      57%        2d12      10%         4
 Statue Form              Tmut/Erth      56%        N/A       19%         6
 Airstrike                Air            15%        2d(3-19)  32%         4
 Olgreb's Toxic Radiance  Pois           31%        N/A       32%         4
 Summon Lightning Spire   Summ/Air       31%        N/A       32%         4
 Borgnjor's Revivificati  Necr           55%        N/A       43%         8
 Infestation              Necr           55%        N/A       43%         8
 Manifold Assault         Tloc           31%        N/A       67%         5
 Metabolic Englaciation   Hex/Ice        15%        N/A       67%         5
 Silence                  Hex/Air        15%        N/A       67%         5
 Haunt                    Necr/Summ      41%        N/A       78%         7
 Conjure Ball Lightning   Conj/Air       28%        3x3d8     83%         6
 Lehudib's Crystal Spear  Conj/Erth      48%        10d11     94%         8
 Storm Form               Tmut/Air       15%        N/A       100%        7
 Discord                  Hex            15%        N/A       100%        8
 Disjunction              Tloc           15%        N/A       100%        8
 Maxwell's Capacitive Co  Air            15%        ∞         100%        8
 Necromutation            Tmut/Necr      41%        N/A       100%        8
 Death's Door             Necr           55%        N/A       100%        9
 Blink                    Tloc           Unusable   N/A       N/A         2
 Swiftness                Air            Unusable   N/A       N/A         3
 Simulacrum               Ice/Necr       Unusable   N/A       N/A         6

Dungeon Overview and Level Annotations

Branches:
Dungeon (15/15)            Temple (1/1) D:5            Lair (5/5) D:11
 Shoals (4/4) Lair:2        Snake (0/4) Lair:2        Slime (0/5) Lair:5
    Orc (2/2) D:9             Elf (0/3) Orc:2        Vaults (0/5) D:14
 Depths (0/4) D:15          Sewer (visited)          Bailey (visited)
  IceCv (visited)         Gauntlet (visited)

Altars:
Ashenzari
Cheibriados
Dithmenos
Elyvilon
Fedhas
Gozag
Hepliaklqana
Kikubaaqudgha
Makhleb
Nemelex Xobeh
Okawaru
Qazlal
Ru
Sif Muna
Trog
Uskayaw
Vehumet
Wu Jian
Xom
Yredelemnul
Zin
The Shining One
Jiyva
Lugonu

Shops:
D:2 :   D:7 (   Orc:2 ([**   Shoals:3 !**?

Portals:
Abyss: Lair:5 Shoals:1

Annotations:
Lair:5 2 transporters, kalagan's ghost, journeyman DECj
Shoals:1 1 runed translucent door, exclusion: door
Shoals:3 exclusion: 4 krakens


Innate Abilities, Weirdness & Mutations

You cannot be hasted, slowed, berserked, paralysed or teleported.
You can dig through walls and to a lower floor.
You have a pair of large antennae on your head. (SInv)
Your four strong arms can wield two-handed weapons with a shield.
Your mind is acute. (Int +4, Str/Dex -1)
You occasionally lose the ability to drink potions when taking damage.


Message History

Aim: a satyr, wielding a +0 longbow (moderately wounded, constricted by zombie hands, 100% to hit)
You feel a surge of power!
The stone arrow hits the satyr!!
The satyr is heavily wounded.
The zombie hands constrict the satyr!
The satyr shoots an arrow.
The arrow hits you!!
A merfolk impaler comes into view.
It is wielding a +0 trident and wearing a +0 robe of resistance.
Casting: Stone Arrow (safe; 1% risk of failure)
Confirm with . or Enter, or press ? or * to list all spells.
Aiming: Stone Arrow (safe; 1% risk of failure)
Press: ? - help, Shift-Dir - straight line, f/p - satyr
Aim: a satyr, wielding a +0 longbow (severely wounded, constricted by zombie hands, 100% to hit)
You feel a surge of power!
The stone arrow hits the satyr.
The satyr is almost dead.
The merfolk impaler shouts!
The zombie hands constrict the satyr!
You kill the satyr!
You hear a bellow! x2
You hear a shout!
Your Necromancy skill increases to level 15!
The satyr unwields a +0 club.
The satyr wields a +0 longbow.
The satyr shoots an arrow.
The arrow misses you.
The satyr shoots an arrow.
You reflect the arrow off your +1 kite shield of reflection!
The arrow barely misses the satyr.
You extend your mandibles.
You dig through the rock wall.
You feel drained.
The satyr shoots an arrow.
The arrow hits you!!
You feel threatened and lose the ability to drink potions!
You retract your mandibles.
You see here a +0 trident.
The alligator snapping turtle bites you from afar!!
You die...
Your body crumbles into a pile of gold.

...8.......##...#......~≈≈≈≈≈≈###
~~~~~~~~~~~'~..~.......~≈≈≈≈≈≈###
~~.8c...8[.##.^)#......~≈≈≈≈≈≈###
####...##...###.#......~≈≈≈≈≈≈###
~##.{...#.....'~.......~≈≈≈≈≈≈###
.......~##~...'~.......~X≈≈≈≈≈###
$.......#.~..##~...##..~≈w≈≈≈≈###
.#m{.~..##...##~.<.##.P~≈≈≈≈≈≈###
.#.~{{{{#{=..#.~@<...<.~≈≈≈≈≈≈###
.##.$###{#...##~<)....~~≈≈≈≈≈≈###
.~(.....##...#)~~t...~~~≈≈≈≈≈≈###
####...##~..#.()~~~~~~~≈≈≈≈≈≈≈###
##...##.~.##~~~~~~~~~≈≈≈≈≈≈≈≈###
##...##~..##~~~~~~~~~≈≈≈≈≈≈≈≈≈###
...###....#~~[~~~~~~≈≈≈≈≈≈≈≈≈≈###
#.#...#.#≈≈≈≈≈≈≈≈≈≈≈≈≈≈≈≈≈≈≈≈###
##~.~###≈≈≈≈≈≈≈≈≈≈≈≈≈≈≈≈≈≈≈≈≈≈###


You could see an alligator snapping turtle.

Vanquished Creatures
  A shard shrike (IceCv)
  Polyphemus (Shoals:4)
  Frances (D:14)
  Kirke (D:15)
  Donald (Orc:2)
  An orc warlord (Bailey)
  A minotaur (Gauntlet)
  Azrael (Orc:2)
  A white draconian (IceCv)
  A dire elephant (Lair:5)
  The ghost of lis82 the Stormcaller, a journeyman DgAE (D:15)
  Snorg (Orc:1)
  An ettin (Orc:1)
  A merfolk javelineer (Shoals:2)
  A merfolk impaler (Shoals:4)
  A vault guard (D:14)
  Fannar (Orc:1)
  3 hydras
  3 merfolk avatars
  Erolcha (Orc:1)
  3 boulder beetles
  2 catoblepae
  Erica (D:8)
  The ghost of BreadTh the Grappler, a novice TrHW of Okawaru (D:9)
  7 satyrs
  2 merfolk aquamancers
  4 ironbound frosthearts (IceCv)
  4 centaur warriors
  A deep troll shaman (Lair:5)
  6 death yaks (Lair:5)
  An alligator snapping turtle (Shoals:1)
  2 tengu warriors
  4 two-headed ogres
  Urug (Orc:2)
  A deep elf knight (D:15)
  A fire crab (Gauntlet)
  4 skeletal warriors (D:13)
  A fire crab (shapeshifter) (D:14)
  14 sea snakes
  A deep troll (D:15)
  2 deep elf archers (D:15)
  An orange crystal statue (IceCv)
  Pikel (D:8)
  A deep elf zephyrmancer (D:15)
  An obsidian statue (Gauntlet)
  A necromancer (D:15)
  3 lindwurms (Lair:1)
  16 harpies
  29 ugly things
  2 orc knights
  6 deep elf pyromancers
  11 fauns
  A wolf spider (D:15)
  7 orc sorcerers
  3 oklob plants (Lair:5)
  6 cyclopes
  15 manticores
  2 rust devils (D:6)
  Maurice (D:7)
  4 black mambas
  2 apocalypse crabs (Shoals:1)
  5 merfolk sirens
  Joseph (D:7)
  A torpor snail (Lair:1)
  5 cane toads
  4 elephants (Lair:5)
  6 water nymphs
  2 gargoyles (D:12)
  4 komodo dragons
  11 rime drakes
  A minotaur zombie (Gauntlet)
  A tengu conjurer (D:15)
  4 trolls
  22 merfolk
  A queen bee (shapeshifter) (D:7)
  A tyrant leech (Gauntlet)
  A polar bear (shapeshifter) (D:15)
  3 meliai (D:13)
  24 polar bears
  A hornet (shapeshifter) (D:13)
  7 snapping turtles
  10 wind drakes
  A blink frog (shapeshifter) (D:13)
  18 slime creatures
  7 blink frogs
  15 dream sheep
  2 shadows
  A vampire (D:9)
  4 wyverns
  7 water elementals
  Eustachio (D:6)
  2 fire bats (Gauntlet)
  A basilisk (D:8)
  5 hogs (D:15)
  3 wraiths
  2 fire elementals (Orc:2)
  9 vampire mosquitoes
  31 yaks
  A neqoxec (D:9)
  2 swamp worms (Gauntlet)
  4 steam dragons
  Edmund (D:6)
  9 wargs
  An acid dragon (D:7)
  2 nagas (Lair:2)
  15 water moccasins
  6 hell hounds (Orc:2)
  2 ice beasts (D:7)
  20 orc warriors
  6 black bears
  8 ogres
  16 centaurs
  10 wolves
  A lemure (D:8)
  6 kobold brigands
  A phantom (D:5)
  8 bullfrogs
  7 gnoll sergeants
  A necrophage (D:5)
  4 scorpions
  15 wights
  5 killer bees (D:8)
  An electric eel (Lair:4)
  8 howler monkeys
  3 quasits (D:9)
  14 orc priests
  7 hounds
  A jelly (D:5)
  3 gnoll boudas
  Jessica (D:3)
  10 iguanas
  44 orc wizards
  33 gnolls
  19 adders
  9 river rats (Sewer)
  A shadow imp (D:6)
  3 white imps
  An ufetubus (D:5)
  A dart slug (D:2)
  130 orcs
  15 ball pythons
  6 endoplasms
  3 giant cockroaches (D:4)
  4 goblins
  6 hobgoblins
  2 jackals (D:9)
  3 quokkas
  6 bats
  4 frilled lizards
  49 kobolds
  23 rats
  A butterfly (Lair:4)
986 creatures vanquished.

Vanquished Creatures (others)
  A hydra (D:9)
  An orc wizard (D:9)
  3 orcs
  14 fungi
  70 plants
  28 tentacles (Shoals:4)
  3 withered plants (Gauntlet)
120 creatures vanquished.

Grand Total: 1106 creatures vanquished

Notes
Turn   | Place    | Note
-------+----------+-------------------------------------------
     0 | D:1      | DildoBatman the Formicid Conjurer began the quest for the
                  | Orb.
     0 | D:1      | Reached XP level 1. HP: 13/13 MP: 3/3
   560 | D:1      | Reached XP level 2. HP: 8/20 MP: 0/5
   563 | D:1      | Learned a level 2 spell: Searing Ray
  1216 | D:2      | Reached skill level 1 in Fighting
  1240 | D:2      | Reached skill level 1 in Armour
  1240 | D:2      | Reached XP level 3. HP: 26/26 MP: 1/6
  1242 | D:2      | Found Huffust's Book Boutique.
  1765 | D:3      | Found a faded altar of an unknown god.
  1784 | D:3      | Reached XP level 4. HP: 21/33 MP: 2/8
  1829 | D:3      | Noticed an orc warrior
  1869 | D:3      | Noticed Jessica
  1869 | D:3      | Noticed a gnoll sergeant
  2066 | D:3      | Killed Jessica
  2067 | D:3      | Reached XP level 5. HP: 34/38 MP: 4/9
  2662 | D:4      | Reached XP level 6. HP: 43/46 MP: 4/11
  2902 | D:4      | Found a glowing drain.
  2935 | Sewer    | Entered a sewer
  3347 | Sewer    | Reached XP level 7. HP: 46/52 MP: 0/13
  3543 | Sewer    | Reached skill level 5 in Conjurations
  4276 | D:5      | Entered Level 5 of the Dungeon
  4370 | D:5      | Reached skill level 5 in Spellcasting
  4687 | D:5      | Reached XP level 8. HP: 50/58 MP: 9/16
  4801 | D:5      | Found a broken altar of Ashenzari.
  4964 | D:5      | Found a staircase to the Ecumenical Temple.
  4970 | Temple   | Entered the Ecumenical Temple
  5196 | Temple   | Became a worshipper of Kikubaaqudgha
  5530 | D:5      | Learned a level 3 spell: Stone Arrow
  5534 | D:5      | Learned a level 3 spell: Vampiric Draining
  5555 | D:5      | Reached skill level 1 in Earth Magic
  5676 | D:3      | You fall into a shaft and drop 1 floor!
  5957 | D:5      | Reached skill level 3 in Earth Magic
  6243 | D:6      | Noticed a wraith
  6293 | D:6      | Noticed Edmund
  6294 | D:6      | Noticed Eustachio
  6364 | D:6      | Reached skill level 4 in Earth Magic
  6455 | D:6      | Killed Edmund
  6456 | D:6      | Reached skill level 5 in Earth Magic
  6456 | D:6      | Reached XP level 9. HP: 63/63 MP: 9/19
  6606 | D:6      | Identified the +6 whip of Paecalael {venom, rPois Int+2}
  6611 | D:6      | Killed Eustachio
  6612 | D:6      | Reached skill level 6 in Earth Magic
  6708 | D:6      | Reached skill level 7 in Earth Magic
  6790 | D:6      | Reached skill level 1 in Necromancy
  6964 | D:6      | Reached * piety under Kikubaaqudgha
  6964 | D:6      | Received a gift from Kikubaaqudgha
  6968 | D:6      | Reached skill level 8 in Earth Magic
  6979 | D:6      | Learned a level 2 spell: Sublimation of Blood
  7058 | D:7      | Found Gouh's Antique Weapon Shop.
  7208 | D:7      | Found a hide-covered altar of Uskayaw.
  7260 | D:7      | Reached XP level 10. HP: 61/71 MP: 20/20
  7526 | D:7      | Reached ** piety under Kikubaaqudgha
  8534 | D:7      | Noticed a centaur warrior
  8535 | D:7      | Reached skill level 9 in Earth Magic
  8583 | D:8      | Noticed Joseph
  8785 | D:7      | Killed a centaur warrior
  8786 | D:7      | Reached skill level 5 in Fighting
  8786 | D:7      | Reached skill level 5 in Armour
  8966 | D:6      | Noticed a rust devil
  8966 | D:6      | Noticed a rust devil
  9083 | D:8      | Noticed Erica
  9083 | D:8      | Noticed Maurice
  9208 | D:8      | Noticed Pikel
  9225 | D:8      | Killed Pikel
  9629 | D:7      | Killed Joseph
  9630 | D:7      | Reached skill level 5 in Necromancy
  9630 | D:7      | Reached skill level 10 in Earth Magic
  9630 | D:7      | Reached XP level 11. HP: 64/79 MP: 17/23
  9813 | D:7      | Killed Maurice
  9912 | D:8      | Noticed a brown ugly thing
  9947 | D:8      | Reached *** piety under Kikubaaqudgha
  9947 | D:8      | Received a gift from Kikubaaqudgha
  9956 | D:7      | Learned a level 5 spell: Borgnjor's Vile Clutch
  9961 | D:7      | Learned a level 4 spell: Dispel Undead
 10044 | D:8      | Killed a brown ugly thing
 10046 | D:8      | Killed Erica
 10068 | D:7      | Reached skill level 11 in Earth Magic
 10192 | D:8      | Noticed a two-headed ogre
 10233 | D:8      | Killed a two-headed ogre
 10286 | D:8      | Noticed a centaur warrior
 10295 | D:8      | Killed a centaur warrior
 10353 | D:8      | Found a glowing golden altar of the Shining One.
 10437 | D:8      | Found a radiant altar of Vehumet.
 10574 | D:8      | Noticed a manticore
 10580 | D:8      | Killed a manticore
 10981 | D:6      | Reached **** piety under Kikubaaqudgha
 10984 | D:6      | HP: 1/79 [rust devil (3)]
 10986 | D:6      | Reached skill level 12 in Earth Magic
 11141 | D:6      | Reached XP level 12. HP: 51/86 MP: 19/25
 11828 | D:9      | Found a transporter.
 11899 | D:9      | Found a flagged portal.
 12071 | D:9      | Found a staircase to the Orcish Mines.
 12113 | Bailey   | Entered a bailey
 12118 | Bailey   | Noticed an orc warlord
 12123 | Bailey   | Reached ***** piety under Kikubaaqudgha
 12206 | Bailey   | Found a runed translucent gate.
 12209 | Bailey   | Found a runed translucent gate.
 12211 | Bailey   | Found a runed translucent gate.
 12394 | Bailey   | Killed an orc warlord
 12395 | Bailey   | Reached skill level 10 in Necromancy
 12449 | D:9      | Acquired 836 gold pieces
 12470 | D:9      | Noticed BreadTh's ghost (novice TrHW)
 12483 | D:9      | Found a transporter.
 12979 | Orc:1    | Entered Level 1 of the Orcish Mines
 13132 | Orc:1    | Noticed Erolcha
 13135 | Orc:1    | Noticed Fannar
 13221 | Orc:2    | Entered Level 2 of the Orcish Mines
 13247 | Orc:2    | Noticed Donald
 13263 | Orc:2    | Killed Donald
 13462 | Orc:2    | Noticed Azrael
 13587 | Orc:2    | Killed Azrael
 13600 | Orc:2    | Reached skill level 5 in Shields
 13957 | Orc:2    | Found a staircase to the Elven Halls.
 14074 | Orc:2    | Noticed Urug
 14107 | Orc:2    | Killed Urug
 14221 | Orc:2    | Found Gimyffoy's General Store.
 14281 | Orc:2    | Reached XP level 13. HP: 76/91 MP: 26/26
 14310 | Orc:2    | Reached ****** piety under Kikubaaqudgha
 14349 | Orc:2    | Found Peschuh's Assorted Antiques.
 14349 | Orc:2    | Found Woten's Antique Armour Emporium.
 14354 | Orc:2    | Bought a scroll labelled WEUCKA ZOHEUPH for 30 gold pieces
 14354 | Orc:2    | Bought a scroll labelled CINIRCHE RIBUONG for 30 gold
                  | pieces
 14363 | Orc:2    | Bought a masterwork cloak for 237 gold pieces
 14363 | Orc:2    | Identified the +0 cloak of the Invisible Thickets {Str+6}
                  | (You bought it in a shop on level 2 of the Orcish Mines)
 14671 | Orc:2    | Found Cazoupse's Weapon Shop.
 14672 | Orc:2    | Found Yvuorhask's Antique Armour Emporium.
 14898 | D:9      | Received a gift from Kikubaaqudgha
 14903 | D:9      | Fell from the grace of Kikubaaqudgha
 14979 | Temple   | Became a worshipper of Gozag Ym Sagoz the Greedy
 15079 | D:10     | Entered Level 10 of the Dungeon
 16124 | D:11     | Found a staircase to the Lair.
 16215 | D:11     | Gained mutation: You are somewhat resistant to further
                  | mutation. [potion of mutation]
 16216 | D:11     | Lost mutation: You are somewhat resistant to further
                  | mutation. [potion of mutation]
 16216 | D:11     | Gained mutation: You are partially covered in iridescent
                  | scales. (AC +2) [potion of mutation]
 16216 | D:11     | Gained mutation: You are resistant to electric shocks.
                  | (rElec) [potion of mutation]
 16217 | D:11     | Lost mutation: You are resistant to electric shocks.
                  | (rElec) [potion of mutation]
 16217 | D:11     | Lost mutation: You are partially covered in iridescent
                  | scales. (AC +2) [potion of mutation]
 16217 | D:11     | Gained mutation: Your magical capacity is low. (-10% MP)
                  | [potion of mutation]
 16218 | D:11     | Lost mutation: Your magical capacity is low. (-10% MP)
                  | [potion of mutation]
 16218 | D:11     | Gained mutation: You occasionally lose the ability to drink
                  | potions when taking damage. [potion of mutation]
 16218 | D:11     | Gained mutation: Your mind is acute. (Int +4, Str/Dex -1)
                  | [potion of mutation]
 16714 | Lair:1   | Entered Level 1 of the Lair of Beasts
 16727 | Lair:1   | Found a gate leading to a gauntlet.
 16814 | Lair:1   | Reached skill level 5 in Dodging
 16967 | Gauntlet | Entered a Gauntlet
 16967 | Gauntlet | Found a transporter.
 16967 | Gauntlet | Found a transporter.
 16968 | Gauntlet | Found a transporter.
 16968 | Gauntlet | Found a transporter.
 16971 | Gauntlet | Found a transporter.
 16971 | Gauntlet | Found a transporter.
 16980 | Gauntlet | Noticed a dire elephant
 16981 | Gauntlet | Found a transporter.
 16985 | Gauntlet | Found a transporter.
 16997 | Gauntlet | Found a transporter.
 17098 | Gauntlet | Found a transporter.
 17100 | Gauntlet | Found a transporter.
 17110 | Gauntlet | Found a transporter.
 17462 | Gauntlet | Identified the +0 pair of gloves "Ixaemal" {rN+}
 17663 | Gauntlet | Identified the ring "Earthly Heaven" {Contam rElec rF+ EV+4
                  | Dex+7}
 17736 | Gauntlet | Noticed a minotaur
 17745 | Gauntlet | Killed a minotaur
 17748 | Gauntlet | Identified the +1 robe of Awe {*Slow Will++ Int+4 Archmagi}
 17748 | Gauntlet | Identified the +9 whip "Asosurph" {drain, Int+2}
 17905 | Lair:1   | Reached XP level 14. HP: 104/104 MP: 12/27
 18427 | Lair:2   | Found a staircase to the Snake Pit.
 18742 | Lair:2   | Found a staircase to the Shoals.
 20438 | Lair:4   | Identified the +7 rapier of Zin's Castigation {flame, *Slow
                  | rN+ Str+8 Dex+4}
 20964 | Lair:5   | Entered Level 5 of the Lair of Beasts
 21015 | Lair:5   | Found a transporter.
 21207 | Lair:5   | Found a transporter.
 21297 | Lair:5   | Noticed an entropy weaver
 21302 | Lair:5   | Found a one-way gate to the infinite horrors of the Abyss.
 21309 | Lair:5   | Noticed kalagan's ghost (journeyman DECj)
 21787 | Lair:5   | Found a viscous altar of Jiyva.
 21789 | Lair:5   | Found a staircase to the Slime Pits.
 21820 | Lair:5   | Was forgiven by Kikubaaqudgha
 21856 | Lair:5   | Reached skill level 10 in Fighting
 21856 | Lair:5   | Reached skill level 10 in Armour
 22049 | Lair:5   | Reached XP level 15. HP: 84/117 MP: 17/28
 22557 | Orc:1    | Killed Erolcha
 22565 | Orc:1    | Killed Fannar
 22848 | Orc:1    | Noticed Snorg
 22858 | Orc:1    | Killed Snorg
 24657 | D:14     | Noticed Frances
 24668 | D:14     | Reached skill level 10 in Shields
 24671 | D:14     | Killed Frances
 24861 | D:14     | Found a frozen archway.
 24939 | IceCv    | Entered an ice cave
 25173 | IceCv    | Reached XP level 16. HP: 107/127 MP: 20/29
 25199 | IceCv    | Reached skill level 10 in Spellcasting
 25259 | IceCv    | Reached skill level 13 in Earth Magic
 25660 | IceCv    | HP: 3/127 [ironbound frostheart (11)]
 26152 | IceCv    | Noticed a shard shrike
 26756 | IceCv    | Killed a shard shrike
 27081 | D:14     | Found a gate to the Vaults.
 27269 | D:15     | Entered Level 15 of the Dungeon
 27551 | D:15     | Found a staircase to the Depths.
 27659 | D:15     | Noticed Kirke
 27918 | D:15     | Reached skill level 14 in Earth Magic
 28084 | D:15     | Found a runed translucent door.
 28115 | D:15     | Killed Kirke
 28123 | D:15     | Noticed lis82's ghost (journeyman DgAE)
 28133 | D:15     | Reached XP level 17. HP: 97/133 MP: 5/32
 28296 | D:15     | Killed lis82's ghost
 28569 | D:9      | Killed BreadTh's ghost
 28741 | Shoals:1 | Entered Level 1 of the Shoals
 29018 | Shoals:1 | Found a runed translucent door.
 29033 | Shoals:1 | Found a corrupted altar of Lugonu.
 30325 | Shoals:2 | Reached skill level 15 in Earth Magic
 31662 | Shoals:3 | Found Emaod's Magic Scroll Emporium.
 31675 | Shoals:3 | Bought a scroll of noise for 16 gold pieces
 31675 | Shoals:3 | Bought a scroll of enchant armour for 120 gold pieces
 31678 | Shoals:3 | Bought a scroll of identify for 32 gold pieces
 31678 | Shoals:3 | Bought a scroll of identify for 32 gold pieces
 31678 | Shoals:3 | Bought a scroll of identify for 32 gold pieces
 31678 | Shoals:3 | Bought a scroll of identify for 32 gold pieces
 31979 | Shoals:3 | Found Suuqoefe's Distillery.
 31987 | Shoals:3 | Found a stormy altar of Qazlal.
 31989 | Shoals:3 | Found Lasyus's General Store.
 32007 | Shoals:3 | Bought a potion of curing for 51 gold pieces
 32007 | Shoals:3 | Bought a potion of curing for 51 gold pieces
 32007 | Shoals:3 | Bought a potion of curing for 51 gold pieces
 32007 | Shoals:3 | Bought a potion of curing for 51 gold pieces
 32007 | Shoals:3 | Bought a potion of heal wounds for 85 gold pieces
 32007 | Shoals:3 | Bought a potion of heal wounds for 85 gold pieces
 32007 | Shoals:3 | Bought a potion of heal wounds for 85 gold pieces
 32060 | Shoals:3 | Bought a potion of curing for 45 gold pieces
 32060 | Shoals:3 | Bought a scroll of immolation for 60 gold pieces
 32097 | Shoals:3 | Found the ring of the Mage {Wiz Archmagi}
 32098 | Shoals:3 | Noticed a kraken
 32099 | Shoals:3 | Noticed a kraken
 32393 | Shoals:3 | Noticed a kraken
 32394 | Shoals:3 | Noticed a kraken
 32406 | Shoals:3 | Found Wuipp's Assorted Antiques.
 32409 | Shoals:3 | Bought a scroll of fog for 116 gold pieces
 32549 | Shoals:4 | Entered Level 4 of the Shoals
 32833 | Shoals:4 | Reached XP level 18. HP: 140/140 MP: 29/34
 33022 | Shoals:4 | Noticed a kraken
 33412 | Shoals:4 | Noticed Polyphemus
 33573 | Shoals:4 | Killed Polyphemus
 33581 | Shoals:4 | Reached skill level 16 in Earth Magic
 33830 | Shoals:4 | Reached skill level 15 in Necromancy
 33841 | Shoals:4 | Mangled by an alligator snapping turtle

Illustrated notes

Levels and vault maps discovered:
D:1:      elethiomel_arrival_quiet, layout_basic
D:2:      layout_basic, serial_shops, nicolae_shop_trees
D:3:      layout_loops_ring, basic_ecumenical_altar, uniq_jessica
D:4:      layout_loops_ring, portal_sewer_entry_d
D:5:      layout_basic, amcnicky_altar_gilded, minmay_temple_entry_grid,
          ebering_dispersal_statue_hall, minmay_circle_x
D:6:      cheibrodos_iron_armory, layout_basic, uniq_eustachio, uniq_edmund
D:7:      nzn_winding_woodlands_cross [nzn_winding_woodlands_5x15_crooked,
          nzn_winding_woodlands_5x15_pockets,
          nzn_winding_woodlands_5x15_concentric,
          nzn_winding_woodlands_5x15_split_checker,
          nzn_winding_woodlands_15x15_thick_spiral], layout_basic,
          mainiacjoe_overflow_24_doors, serial_shops,
          nicolae_shop_overgrown_old_shop
D:8:      layout_cave_pools, mainiacjoe_overflow_tiny_flanked,
          kennysheep_little_box, special_room [special_room_orc],
          minmay_shattered_shrine, uniq_pikel, uniq_joseph, uniq_erica,
          uniq_maurice
D:9:      layout_cave_pools, hiddenorc1_lemuel, serial_gnoll_camp,
          gnoll_camp_medium_02, gnoll_camp_mini_basic, gnoll_camp_mini_sergeant,
          gnoll_camp_mini_basic, enter_bailey_2, gammafunk_ghost_stat_death
D:10:     layout_irregular_city
D:11:     layout_stronghold, lair_entry_dummy
D:12:     layout_long_grid
D:13:     layout_cave_pools, serial_rivers, chequers_serial_rivers_marsh,
          chequers_serial_rivers_micro_c, chequers_serial_rivers_small_b,
          chequers_serial_rivers_micro_e
D:14:     layout_cross, david_vaults_5, kennysheep_flooded_box,
          portal_ice_cave_entry_pillars_four, uniq_frances
D:15:     hangedman_depths_entry_civil_slaughter, layout_cave_pools,
          ebering_ghost_reflecting_pool, uniq_kirke
Temple:   mainiacjoe_temple_bowtie_tessellation
Lair:1:   layout_cave_shapes, gauntlet_entry_generic, nicolae_lair_lindhole
Lair:2:   layout_misc_corridors, elwin_shoals_entry_rooms,
          guppyfry_snake_entry_garden, patterned_corridor
Lair:3:   layout_hall_layers, chequers_serial_rivers_room_a, st_stairs_13
Lair:4:   layout_misc_corridors, serial_bayou_crossing, serial_bayou_shore_a,
          lemuel_fruit_fields
Lair:5:   grunt_lair_end_beastmaster, layout_regular_city, slime_entry_1,
          gammafunk_ghost_abyssal_escape, chequers_serial_rivers_small_b,
          dpeg_oklob_1
Shoals:1: layout_shoals, nicolae_shoals_abyss_on_the_beach
Shoals:2: layout_shoals
Shoals:3: layout_shoals, serial_shops, nicolae_shop_behind_doors,
          nicolae_shop_crystal, nicolae_stop_n_shop_2, shop,
          lemuel_altar_in_water, nicolae_shoals_kraken_party
Shoals:4: shoals_end_hellmonk_lost_city, uniq_polyphemus
Orc:1:    layout_caves, uniq_fannar, uniq_erolcha, uniq_snorg
Orc:2:    st_orc_town, layout_caves, serial_shops, shop, uniq_azrael, uniq_urug,
          uniq_donald

Skill      XL: |  1  2  3  4  5  6  7  8  9 10 11 12 13 14 15 16 17 18 |
---------------+-------------------------------------------------------+-----
Dodging        | 2 3 5 8 |  8.0
Fighting       | 1 2 3 5 7 10 11 12 | 12.0
Armour         | 1 2 3 5 7 10 11 12 | 12.0
Conjurations   | 4 5 6 |  6.0
Spellcasting   | 3 4 5 7 8 9 11 12 | 12.9
Earth Magic    | 5 8 10 12 14 15 16 | 16.0
Necromancy     | 3 5 8 12 13 14 15 | 15.0
Shields        | 3 6 9 10 12 14 | 14.8
Stealth        | |  2.4

Action                   |  1- 3 |  4- 6 |  7- 9 | 10-12 | 13-15 | 16-18 || total
-------------------------+-------+-------+-------+-------+-------+-------++-------
Melee: Mace              |    10 |       |       |       |       |       ||    10
       Unarmed           |     3 |       |       |     6 |       |       ||     9
       Trident           |    15 |   103 |    43 |       |       |       ||   161
       Punch             |       |     1 |     2 |     1 |       |       ||     4
       Whip              |       |       |    21 |   256 |   255 |     3 ||   535
       Staff             |       |       |       |    27 |    42 |    35 ||   104
       Rapier            |       |       |       |       |       |   183 ||   183
 Fire: Arbalest          |       |       |       |     9 |    22 |     5 ||    36
       Triple crossbow   |       |       |       |       |       |     9 ||     9
Throw: Dart              |       |       |       |     1 |       |       ||     1
 Cast: Magic Dart        |    37 |    42 |    57 |    18 |     2 |    13 ||   169
       Searing Ray       |     1 |    12 |    44 |     3 |     3 |     1 ||    64
       Stone Arrow       |       |       |    25 |   105 |    13 |    36 ||   179
       Sublimation of Bl |       |       |       |     8 |    18 |    45 ||    71
       Vampiric Draining |       |       |       |    22 |    70 |    45 ||   137
       Borgnjor's Vile C |       |       |       |    77 |   197 |   246 ||   520
       Dispel Undead     |       |       |       |     2 |     7 |     8 ||    17
Invok: Receive Forbidden |       |       |       |       |     1 |       ||     1
       Unearth Wretches  |       |       |       |       |     1 |       ||     1
       Renounce Religion |       |       |       |       |     1 |       ||     1
 Abil: Dig               |       |     1 |     1 |     3 |     1 |     1 ||     7
       Shaft Self        |       |       |     1 |       |       |       ||     1
  Use: Scroll            |       |     3 |       |     3 |     9 |    10 ||    25
       Potion            |       |       |       |     2 |     4 |     1 ||     7
 Stab: Sleeping          |     3 |     5 |     2 |       |     3 |       ||    13
       Paralysed         |       |       |       |       |     1 |       ||     1
       Distracted        |       |       |       |       |     3 |     2 ||     5
Armor: Robe              |     4 |    28 |    30 |     7 |    64 |    40 ||   173
       Leather armour    |       |       |    15 |   114 |    10 |       ||   139
Dodge: Dodged            |    30 |    67 |    88 |   260 |   285 |   286 ||  1016
Block: Buckler           |       |       |       |   128 |       |       ||   128
       Kite shield       |       |       |       |    17 |   246 |   305 ||   568
       Reflection        |       |       |       |     2 |    19 |    35 ||    56
